 Dungeon Crawl Stone Soup version 0.20.0-15-g7f486f2 (webtiles) character file.

3 Beargit the Ruffian (level 1, -1/19 HPs)
             Began as an Ogre Transmuter on June 20, 2017.
             Slain by a kobold
             ... wielding a +0 whip
              (7 damage)
             ... on level 1 of the Dungeon.
             The game lasted 00:00:28 (46 turns).

Beargit the Ruffian (Ogre Transmuter)                 Turns: 46, Time: 00:00:28

Health: -1/19      AC:  3    Str: 13    XL:     1   Next: 50%
Magic:  3/3        EV: 10    Int: 14    God:
Gold:   0          SH:  0    Dex:  9    Spells: 3/4 levels left

rFire    . . .     SeeInvis .     - Unarmed
rCold    . . .     Gourm    .   (no shield)
rNeg     . . .     Faith    .   b - +0 robe
rPois    .         Spirit   .   (helmet restricted)
rElec    .         Reflect  .   (no cloak)
rCorr    .         Harm     .   (gloves unavailable)
MR       .....                  (boots unavailable)
Stlth    +.........             (no amulet)
Regen    0.1/turn               (no ring)
MPRegen  0.1/turn               (no ring)

@: no status effects
A: unfitting armour, tough skin 1
a: no special abilities


You were on level 1 of the Dungeon.
You were not hungry.

You visited 1 branch of the dungeon, and saw 1 of its levels.

Inventory:

Missiles
 a - 12 arrows
 e - a stone (quivered)
Armour
 b - a +0 robe (worn)
Books
 c - a book of Changes
Comestibles
 d - a bread ration


   Skills:
 - Level 1.3 Fighting
 - Level 1.7 Dodging
 + Level 2.9 Unarmed Combat
 - Level 2.4 Spellcasting
 - Level 1.7 Transmutations


You had 3 spell levels left.
You knew the following spells:

 Your Spells              Type           Power        Failure   Level  Hunger
a - Beastly Appendage     Tmut           #.....       11%         1    #......


Dungeon Overview and Level Annotations

Branches:
Dungeon (1/15)

Altars:


Innate Abilities, Weirdness & Mutations

You are too large for most types of armour.
You have tough skin. (AC +1)


Message History

Welcome, Beargit the Ogre Transmuter.
The bosom of this dungeon contains the fabled artefact, the Orb of Zot.
Found a staircase leading out of the dungeon.
A kobold comes into view. It is wielding a dagger.
The kobold throws a stone.
The stone hits you but does no damage.
Found 6 curare-tipped needles.
You see here a stone.
The kobold throws a stone.
The stone barely misses you.
The kobold throws a stone.
The stone barely misses you.
You closely miss the kobold. The kobold hits you with a dagger.
You take 1 damage, and have 18/19 hp.
You hit the kobold.
You kill the kobold!
No target in view!
No target in view!
No target in view!
No target in view!
No target in view!
No target in view!
You see here a stone.
e - a stone
e - 2 stones (gained 1)
e - 3 stones (gained 1)
e - 5 stones (gained 2)
Things that are here:
a dagger; a kobold corpse Health restored: 19 A hobgoblin comes into view.
The hobgoblin shouts!
Aim: a hobgoblin You throw a stone.
The stone hits the hobgoblin but does no damage.
A hobgoblin comes into view. It is wielding a club.
Aim: a hobgoblin You throw a stone.
The hobgoblin shouts!
The stone hits the hobgoblin.
Aim: a hobgoblin (heavily wounded)
You throw a stone. The stone barely misses the hobgoblin.
A kobold comes into view. It is wielding a whip.
Your feet morph into talons.
The kobold shouts!
You now have 2/3 mp.
You barely miss the hobgoblin. Your kick misses the hobgoblin.
The hobgoblin closely misses you.
You completely miss the hobgoblin.
Your transformation is almost over.
The hobgoblin closely misses you.
You hit the hobgoblin.
You kill the hobgoblin!
You hit the hobgoblin. The hobgoblin hits you with a club.
You take 4 damage, and have 15/19 hp.
MASSIVE DAMAGE!!
You hit the hobgoblin. Your kick misses the hobgoblin. You hit the hobgoblin.
The hobgoblin hits you with a club.
You take 5 damage, and have 10/19 hp.
MASSIVE DAMAGE!!
You are too injured to fight recklessly!
You are too injured to fight recklessly!
You are too injured to fight recklessly!
You are too injured to fight recklessly!
You are too injured to fight recklessly!
You closely miss the hobgoblin. The hobgoblin hits you with a club.
You take 2 damage, and have 8/19 hp.
You barely miss the hobgoblin. The hobgoblin barely misses you.
You closely miss the hobgoblin. Your kick misses the hobgoblin.
The hobgoblin hits you with a club.
You take 2 damage, and have 6/19 hp.
You closely miss the hobgoblin.
You claw the hobgoblin, but do no damage.
The hobgoblin misses you.
You closely miss the hobgoblin. You claw the hobgoblin.
You kill the hobgoblin!
Your talons disappear.
The kobold throws a stone.
The stone closely misses you.
Aim: a kobold, wielding a whip You throw a stone.
The stone hits the kobold.
You miss the kobold. The kobold misses you.
MP restored: 3 You barely miss the kobold.
The kobold barely misses you.
You hit the kobold but do no damage. The kobold hits you with a whip!
You die...

#..... . #....# ..
#....## .(.#..<..###
#...#......#######
#....###..........
##......###....... #..
###.......#######.....
#####..(..).@K(.((#
###############


You could see a kobold.

Vanquished Creatures
  2 hobgoblins (D:1)
  A kobold (D:1)
3 creatures vanquished.

Notes
Turn   | Place    | Note
-------+----------+-------------------------------------------
     0 | D:1      | Beargit the Ogre Transmuter began the quest for the Orb.
     0 | D:1      | Reached XP level 1. HP: 19/19 MP: 3/3
    46 | D:1      | Slain by a kobold

Action                   || total
-------------------------++-------
Melee: Unarmed           ||    16
       Kick              ||     2
Throw: Stone             ||     4
 Cast: Beastly Appendage ||     1
Dodge: Dodged            ||     9

Vault maps used:
D:1:      dpeg_arrival_oval, hex_intersection

Table legend:
 A = Turns spent in this place as a percentage of turns spent in the entire game.
 B = Non-inter-level travel turns spent in this place as a percentage of non-inter-level travel turns spent in the entire game.
 C = Inter-level travel turns spent in this place as a percentage of turns spent in this place.
 D = Turns resting spent in this place as a percentage of non-inter-level travel turns spent in this place.
 E = Turns spent auto-exploring this place as a percentage of non-inter-level travel turns spent in this place.
 F = Non-inter-level travel turns spent in this place divided by the number of levels of this place that you've seen.
                   A       B       C       D       E      F
               +-------+-------+-------+-------+-------+----------------------
         Total | 100.0 | 100.0 |   0.0 |   0.0 |   6.8 |  44.0
       Dungeon | 100.0 | 100.0 |   0.0 |   0.0 |   6.8 |  44.0
               +-------+-------+-------+-------+-------+----------------------

Table legend:
 A = Kills in this place as a percentage of kills in entire the game.
 B = Kills by you in this place as a percentage of kills by you in the entire game.
 C = Kills by friends in this place as a percentage of kills by friends in the entire game.
 D = Other kills in this place as a percentage of other kills in the entire game.
 E = Experience gained in this place as a percentage of experience gained in the entire game.
 F = Experience gained in this place divided by the number of levels of this place that you have seen.
                   A       B       C       D       E      F
               +-------+-------+-------+-------+-------+----------------------
         Total | 100.0 | 100.0 |  -nan |  -nan | 100.0 |   5.0
       Dungeon | 100.0 | 100.0 |  -nan |  -nan | 100.0 |   5.0
               +-------+-------+-------+-------+-------+----------------------
